 Dungeon Sprint DCSS version 0.31-a0-455-g1a7b003ef0 (webtiles) character file.

Game seed: 5484257646170835794

2586 dialectric the Basher (level 9, 0/68 HPs)
             Began as a Gargoyle Berserker on Aug 3, 2023.
             Was a High Priest of Trog.
             Slain by a flying skull (10 damage)
             ... in the Dungeon (Sprint II: "The Violet Keep of Menkaure").
             The game lasted 00:04:06 (793 turns).

dialectric the Basher (Gargoyle Berserker)           Turns: 793, Time: 00:04:06

Health: 0/68       AC:  8    Str: 25    XL:     9   Next: 58%
Magic:  9/9        EV: 13    Int:  8    God:    Trog [*****.]
Gold:   660        SH:  0    Dex:  9    Spells: 8/8 levels left

rFire   . . .        a - +0 mace
rCold   . . .        (no shield)
rNeg    + . .        b - +0 animal skin
rPois   ∞            (no helmet)
rElec   +            (no cloak)
rCorr   .            (no gloves)
SInv    .            (no boots)
Will    .....        (no amulet)
Stlth   +++          (no ring)
HPRegen 0.31/turn    (no ring)
MPRegen 0.11/turn

%: no teleportation, random rage (3%)
@: on berserk cooldown, invisible
A: sickness immunity, AC +6, negative energy resistance 1, electricity
resistance, torment resistance 1, petrification resistance, berserk 1
a: Renounce Religion, Berserk, Trog's Hand, Brothers in Arms


You were in the Dungeon.
You worshipped Trog.
Trog was extremely pleased with you.
You visited 1 branch You collected 1053 gold pieces.
You spent 393 gold pieces at shops.

Inventory:

Hand Weapons
 a - a +0 mace (weapon)
Armour
 b - a +0 animal skin (worn)
Scrolls
 h - 2 scrolls of blinking
 j - a scroll of immolation {unknown}
Potions
 e - a potion of haste
 f - 2 potions of magic
 g - a potion of berserk rage
 i - a potion of invisibility
 k - a potion of might {unknown}


   Skills:
 + Level 13.5 Fighting
 + Level 14.2 Maces & Flails
 + Level 6.2 Armour
 + Level 6.7 Dodging
 + Level 7.2 Stealth


You had 8 spell levels left.
You didn't know any spells.
Your spell library was empty.

Dungeon Overview and Level Annotations

Branches:
Dungeon (1/1)

Altars:
Cheibriados
Dithmenos
Elyvilon
Fedhas
Gozag
Kikubaaqudgha
Makhleb
Nemelex Xobeh
Sif Muna
Trog
Uskayaw
Jiyva
Lugonu

Shops:
D :!*=!([!?=:[!(!

Annotations:
D exclusion: oklob plant


Innate Abilities, Weirdness & Mutations

You are immune to sickness and miasma.
Your stone body is resilient. (AC +6)
You are immune to poison.
You resist negative energy. (rN+)
You are resistant to electric shocks. (rElec)
You are resistant to unholy torment.
You are immune to petrification.
You sometimes lose your temper in combat.


Message History

The flying skull gives a hideous shriek!
You hit the flying skull but do no damage.
The flying skull is severely damaged.
You feel the effects of Trog's Hand fading.
The flying skull hits you. The flying skull closely misses you.
You hit the flying skull.
The flying skull is severely damaged.
The flying skull completely misses you.
You catch the helpless flying skull completely off-guard!
You hit the flying skull but do no damage.
The flying skull is severely damaged.
The flying skull barely misses you. x2
The flying skull gives a hideous shriek!
You hit the flying skull but do no damage.
The flying skull is severely damaged.
The flying skull hits you but does no damage.
You catch the helpless flying skull completely off-guard!
You hit the flying skull but do no damage.
The flying skull is severely damaged.
The flying skull barely misses you. The flying skull hits you!
You hit the flying skull.
The flying skull is severely damaged.
Your skin stops crawling.
You feel less strong-willed. The flying skull hits you.
You hit the flying skull but do no damage.
The flying skull is severely damaged.
The flying skull hits you!
* * * LOW HITPOINT WARNING * * *
The flying skull hits you.
* * * LOW HITPOINT WARNING * * *
You strike the helpless flying skull from behind!
You sock the flying skull!
You destroy the flying skull!
Trog accepts your kill.
Your Stealth skill increases to level 7!
You hit the flying skull but do no damage.
You feel yourself speed up.
The flying skull hits you but does no damage.
The flying skull hits you!
You die...

##...∩.∩..#~##.###'###†##..#.
##..∩.∩...#~#...##.##.#.#..#.
##.∩.∩....'~'##.'.<.'.##'.°##
##..∩.....#~#...##.##..##....
#▓▓▓▓▓▓▓###~##.###'###.##....
##)DJ######z~####..#####~~...
#$.J#l ##~~~#..##.#~~~§~~§
#∩P"+l. #z#~##.#.##~§~~~§~
#$.$#$## #@#zz##'##~~~≈≈§~~
#(..###.. ####zzz~~~~~~~§§≈≈
##+###°... #'°'#+++#~§≈≈≈≈
#z.°≈≈°°##≈≈≈## §§≈°°≈°.○
°≈.○°.°≈○≈+ #..§≈≈°.§§##
##≈≈.°°°§## ####+####


You could see 2 flying skulls.

Vanquished Creatures
  2 unseen horrors (D)
  5 flying skulls (D)
  2 wyverns (D)
  4 neqoxecs (D)
  Menkaure (D)
  A swamp drake (D)
  4 necrophages (D)
  A scorpion (D)
  3 worms (D)
23 creatures vanquished.

Vanquished Creatures (others)
  A water moccasin (D)
1 creature vanquished.

Grand Total: 24 creatures vanquished

Notes
Turn   | Place    | Note
-------+----------+-------------------------------------------
     0 | D        | dialectric the Gargoyle Berserker began the quest for the
                  | Orb.
     0 | D        | Reached XP level 1. HP: 14/14 MP: 1/1
     1 | D        | Noticed a necrophage
     1 | D        | Noticed a necrophage
     1 | D        | Noticed a necrophage
     1 | D        | Noticed a necrophage
     8 | D        | Killed a necrophage
     9 | D        | Reached skill level 5 in Maces & Flails
     9 | D        | Reached XP level 2. HP: 22/22 MP: 2/2
     9 | D        | Reached XP level 3. HP: 27/27 MP: 3/3
     9 | D        | Reached XP level 4. HP: 32/32 MP: 4/4
    16 | D        | Killed a necrophage
    17 | D        | Reached skill level 7 in Maces & Flails
    17 | D        | Reached XP level 5. HP: 38/38 MP: 5/5
    29 | D        | Reached ** piety under Trog
    38 | D        | Reached skill level 8 in Maces & Flails
    38 | D        | Reached XP level 6. HP: 22/45 MP: 6/6
    41 | D        | Killed a water moccasin
    54 | D        | Found Yptyapsu's Distillery.
    54 | D        | Found Qiptemarr's Distillery.
    54 | D        | Found Daowkile's Magic Scroll Shoppe.
    54 | D        | Found Kazig's Antique Armour Shoppe.
    54 | D        | Found Jaemit's Antique Weapon Shoppe.
    54 | D        | Found Kaomosmy's Distillery.
    54 | D        | Found Fubenn's Book Emporium.
    54 | D        | Found Ysmy's Antique Armour Shoppe.
    55 | D        | Found Daumouk's Antique Weapon Emporium.
    55 | D        | Found Tovy's Distillery.
    55 | D        | Found Kuose's Jewellery Shoppe.
    56 | D        | Found Mowneu's Jewellery Emporium.
    57 | D        | Found Jeryrphi's Assorted Antiques.
    57 | D        | Found Qakhov's Distillery.
    57 | D        | Noticed Menkaure
    57 | D        | Noticed an ice dragon
    57 | D        | Noticed an oklob plant
    58 | D        | Found Kazig's Book Shoppe.
    58 | D        | Noticed a slime creature
    58 | D        | Noticed a slime creature
    58 | D        | Noticed a slime creature
    63 | D        | Noticed a wyvern
    63 | D        | Noticed a wyvern
    64 | D        | Noticed a wyvern
    74 | D        | Killed Menkaure
    75 | D        | Reached skill level 9 in Maces & Flails
    75 | D        | Reached skill level 5 in Armour
   173 | D        | Bought a potion of invisibility for 88 gold pieces
   187 | D        | Noticed a neqoxec
   187 | D        | Noticed a neqoxec
   187 | D        | Noticed a neqoxec
   187 | D        | Noticed a neqoxec
   193 | D        | Gained mutation: Your magical capacity is low. (-10% MP) [a
                  | neqoxec]
   194 | D        | Killed a neqoxec
   194 | D        | Reached *** piety under Trog
   195 | D        | Reached skill level 10 in Fighting
   195 | D        | Reached skill level 10 in Maces & Flails
   195 | D        | Reached XP level 7. HP: 52/52 MP: 6/6
   196 | D        | Lost mutation: Your magical capacity is low. (-10% MP) [a
                  | neqoxec]
   198 | D        | Killed a neqoxec
   198 | D        | Gained mutation: You sometimes lose your temper in combat.
                  | [a neqoxec]
   199 | D        | Reached skill level 1 in Stealth
   203 | D        | Killed a neqoxec
   204 | D        | Reached skill level 11 in Maces & Flails
   205 | D        | Killed a neqoxec
   206 | D        | Reached skill level 5 in Dodging
   206 | D        | Reached XP level 8. HP: 60/60 MP: 6/8
   211 | D        | Noticed a wyvern
   211 | D        | Noticed a wyvern
   238 | D        | Reached **** piety under Trog
   249 | D        | Noticed a flying skull
   249 | D        | Noticed a flying skull
   249 | D        | Noticed a flying skull
   249 | D        | Noticed a flying skull
   249 | D        | Noticed a flying skull
   249 | D        | Noticed a flying skull
   250 | D        | Noticed a flying skull
   250 | D        | Noticed a flying skull
   250 | D        | Noticed a flying skull
   250 | D        | Noticed a flying skull
   250 | D        | Noticed a flying skull
   364 | D        | Bought 2 potions of invisibility for 208 gold pieces
   365 | D        | Bought a scroll of blinking for 97 gold pieces
   390 | D        | Killed a wyvern
   395 | D        | Killed a wyvern
   395 | D        | Reached ***** piety under Trog
   396 | D        | Reached skill level 12 in Maces & Flails
   410 | D        | Found a snail-covered altar of Cheibriados.
   411 | D        | Found a shadowy altar of Dithmenos.
   412 | D        | Found a white marble altar of Elyvilon.
   412 | D        | Found an ancient bone altar of Kikubaaqudgha.
   412 | D        | Found a viscous altar of Jiyva.
   413 | D        | Found a blossoming altar of Fedhas.
   413 | D        | Found a corrupted altar of Lugonu.
   413 | D        | Found a shimmering blue altar of Sif Muna.
   414 | D        | Found an opulent altar of Gozag.
   414 | D        | Found a burning altar of Makhleb.
   414 | D        | Found a bloodstained altar of Trog.
   415 | D        | Found a sparkling altar of Nemelex Xobeh.
   415 | D        | Found a hide-covered altar of Uskayaw.
   445 | D        | Killed an unseen horror
   446 | D        | Reached skill level 5 in Stealth
   454 | D        | HP: 3/90 [something (2)]
   455 | D        | Killed an unseen horror
   456 | D        | Reached skill level 13 in Maces & Flails
   456 | D        | Reached XP level 9. HP: 4/66 MP: 9/9
   653 | D        | Noticed a death drake
   759 | D        | Reached skill level 14 in Maces & Flails
   767 | D        | Received a gift from Trog
   793 | D        | Slain by a flying skull

Illustrated notes

Levels and vault maps discovered:
D:        the_violet_keep_of_menkaure [sprint2_stairs_cluster_1,
          sprint2_shoproom, sprint2_temple, sprint2_basic_supplies,
          sprint2_obstacle_1, sprint2_obstacle_4, sprint2_obstacle_5,
          sprint2_obstacle_2, sprint2_obstacle_6, sprint2_timed_cluster_1,
          sprint2_smallroom_cluster_1, sprint2_smallroom_final_cluster_1,
          sprint2_transparent_cluster_1, sprint2_second_timed_cluster_1,
          sprint2_sniper_area_1, sprint2_heavy_combat_area_1,
          sprint2_mutation_trap_area_1, sprint2_forest_area_1,
          sprint2_light_combat_area_1, sprint2_behind_water_1,
          sprint2_near_end_vault_1]

Skill      XL: |  1  2  3  4  5  6  7  8  9 |
---------------+----------------------------+-----
Fighting       | 6 7 8 10 11 12 13 | 13.5
Maces & Flails | 5 7 8 10 11 13 14 | 14.2
Armour         | 3 4 5 6 |  6.2
Dodging        | 2 3 4 5 6 |  6.7
Stealth        | 3 5 7 |  7.2

Action                     |  1- 3 |  4- 6 |  7- 9 || total
---------------------------+-------+-------+-------++-------
  Melee: Mace              |     6 |    35 |   109 ||   150
         Punch             |       |       |     2 ||     2
 Invoke: Berserk           |     1 |     2 |     3 ||     6
         Trog's Hand       |       |       |     1 ||     1
    Use: Potion            |       |     1 |     3 ||     4
   Stab: Invisible         |       |     1 |    11 ||    12
 Armour: Animal skin       |       |     6 |    31 ||    37
  Dodge: Dodged            |     4 |    16 |    58 ||    78

Table legend: (Time is in decaauts)
 A = Elapsed time spent in this place.
 B = Non-inter-level travel time spent in this place.
 C = Inter-level travel time spent in this place.
 D = Time resting spent in this place.
 E = Time spent auto-exploring this place.
 F = Levels seen in this place.
 G = Mean time per level.
                   A        B        C        D        E       F      G
               +--------+--------+--------+--------+--------+-----+--------+
         Total |    854 |    854 |      0 |    225 |    211 |   1 |  854.0 |
       Dungeon |    854 |    854 |      0 |    225 |    211 |   1 |  854.0 |
               +--------+--------+--------+--------+--------+-----+--------+

Top non-repeatable levels by time:
       D: 854 daAuts
